| TOP OF THE 1ST |
|
San Jose Bees batting - Pitching for Stockton Ports : RHP Bryn Smith
|
|
Pitching: RHP Bryn Smith
|
|
|
Batting: RHB Anthony Laurenzi
|
0-0: Ball 1-0: Fly out, F8 (Flyball, 8LXD, EV 90.6 MPH)
|
|
Batting: RHB Ron MacDonald
|
0-0: Called Strike 0-1: Swinging Strike 0-2: Foul Ball, location: 2F 0-2: Ball 1-2: Ground out 6-3 (Groundball, 6M, EV 103.1 MPH)
|
|
Batting: LHB Stanley Davis
|
0-0: Called Strike 0-1: Ball 1-1: Fly out, F7 (Line Drive, 7, EV 96.3 MPH)
|
| Top of the 1st over - 0 runs, 0 hits, 0 errors, 0 left on base; San Jose 0 - Stockton 0 |
| BOTTOM OF THE 1ST |
|
Stockton Ports batting - Pitching for San Jose Bees : RHP Frank Wills
|
|
Pitching: RHP Frank Wills
|
|
|
Batting: RHB Ramon Valdez
|
0-0: Called Strike 0-1: Ball 1-1: Ground out 5-3 (Groundball, 56S, EV 71.9 MPH)
|
|
Pitching: LHP Gerald Stutzriem
|
|
|
Batting: RHB Pasquale Raimondo
|
0-0: SINGLE (Groundball, 4MD, EV 96.3 MPH)
|
|
Batting: LHB Christopher O'Brien
|
0-0: Ball 1-0: Ball 2-0: Ball 3-0: Called Strike 3-1: Foul Ball, location: 2F 3-2: Foul Ball, location: 2F 3-2: Ground out 6-3 (Groundball, 6, EV 87.5 MPH) Pasquale Raimondo to second
|
|
Batting: SHB Tracy Edwards
|
0-0: Ground out 5-3 (Groundball, 56, EV 83.8 MPH)
|
| Bottom of the 1st over - 0 runs, 1 hit, 0 errors, 1 left on base; San Jose 0 - Stockton 0 |
| TOP OF THE 2ND |
|
San Jose Bees batting - Pitching for Stockton Ports : RHP Bryn Smith
|
|
Batting: RHB Tony Evans
|
0-0: Ball 1-0: Swinging Strike 1-1: Foul Ball, location: 2F 1-2: Strikes out swinging
|
|
Batting: RHB Ray Torres
|
0-0: Ball 1-0: Called Strike 1-1: Ball 2-1: Ball 3-1: Called Strike 3-2: Foul Ball, location: 2F 3-2: Base on Balls
|
|
Batting: RHB Ricky McMullen
|
0-0: Ball 1-0: Fly out, F9 (Line Drive, 9D, EV 86.9 MPH)
|
|
Batting: RHB Timothy Wallace
|
0-0: Ball 1-0: Ball 2-0: Ball 3-0: Base on Balls Ray Torres to second
|
|
Batting: LHB Dale Weaver
|
0-0: Swinging Strike 0-1: Called Strike 0-2: Foul Ball, location: 2F 0-2: Strikes out swinging
|
| Top of the 2nd over - 0 runs, 0 hits, 0 errors, 2 left on base; San Jose 0 - Stockton 0 |
| BOTTOM OF THE 2ND |
|
Stockton Ports batting - Pitching for San Jose Bees : LHP Gerald Stutzriem
|
|
Batting: RHB Chris Sabo
|
0-0: Foul Ball, location: 2F 0-1: Foul Ball, location: 2F 0-2: Ball 1-2: Ball 2-2: Ball 3-2: Ground out 6-3 (Groundball, 6, EV 89.4 MPH)
|
|
Batting: SHB Jose Mercado
|
0-0: Ball 1-0: Ball 2-0: Ball 3-0: Called Strike 3-1: Foul Ball, location: 2F 3-2: Fly out, F9 (Line Drive, 9, EV 108.8 MPH)
|
|
Batting: LHB Daniel Hoskins
|
0-0: Ball 1-0: Called Strike 1-1: Foul Ball, location: 2F 1-2: Fly out, F8 (Line Drive, 8LD, EV 88.1 MPH)
|
| Bottom of the 2nd over - 0 runs, 0 hits, 0 errors, 0 left on base; San Jose 0 - Stockton 0 |
| TOP OF THE 3RD |
|
San Jose Bees batting - Pitching for Stockton Ports : RHP Bryn Smith
|
|
Batting: RHB Bill Pinkham
|
0-0: Called Strike 0-1: Swinging Strike 0-2: Strikes out swinging
|
|
Batting: RHB Anthony Laurenzi
|
0-0: Called Strike 0-1: Foul Ball, location: 2F 0-2: Ball 1-2: Ball 2-2: Ball 3-2: Fly out, F9 (Flyball, 9, EV 89.4 MPH)
|
|
Batting: RHB Ron MacDonald
|
0-0: Called Strike 0-1: Ball 1-1: Called Strike 1-2: Reached on error, E3 (Groundball, 34, EV 105.6 MPH)
|
|
Batting: LHB Stanley Davis
|
0-0: Foul Ball, location: 2F 0-1: Ball 1-1: SINGLE (Groundball, 5L, EV 103.8 MPH) (infield hit) Ron MacDonald to second
|
|
Batting: RHB Tony Evans
|
0-0: Ball 1-0: Ground out 6-3 (Groundball, P, EV 78.1 MPH)
|
| Top of the 3rd over - 0 runs, 1 hit, 1 error, 2 left on base; San Jose 0 - Stockton 0 |
| BOTTOM OF THE 3RD |
|
Stockton Ports batting - Pitching for San Jose Bees : LHP Gerald Stutzriem
|
|
Batting: RHB Eddie Lee
|
0-0: Foul Ball, location: 2F 0-1: Bunt for hit to P - play at first, batter safe!
|
|
Batting: RHB Timothy Presko
|
0-0: Ball 1-0: Fly out, F4 (Flyball, 4MD, EV 93.1 MPH)
|
|
Batting: RHB Ramon Valdez
|
0-0: Fly out, F8 (Flyball, 8RD, EV 108.1 MPH)
|
|
Batting: RHB Pasquale Raimondo
|
0-0: Called Strike 0-1: Foul Ball, location: 2F 0-2: Strikes out swinging
|
| Bottom of the 3rd over - 0 runs, 1 hit, 0 errors, 1 left on base; San Jose 0 - Stockton 0 |
| TOP OF THE 4TH |
|
San Jose Bees batting - Pitching for Stockton Ports : RHP Bryn Smith
|
|
Batting: RHB Ray Torres
|
0-0: Foul Ball, location: 2F 0-1: Ball 1-1: Ground out 4-3 (Groundball, 4, EV 95.6 MPH)
|
|
Batting: RHB Ricky McMullen
|
0-0: Ball 1-0: Swinging Strike 1-1: Called Strike 1-2: Ball 2-2: Foul Ball, location: 2F 2-2: Ground out 6-3 (Groundball, 6, EV 95.0 MPH)
|
|
Batting: RHB Timothy Wallace
|
0-0: Called Strike 0-1: Foul Ball, location: 2F 0-2: Strikes out swinging
|
| Top of the 4th over - 0 runs, 0 hits, 0 errors, 0 left on base; San Jose 0 - Stockton 0 |
| BOTTOM OF THE 4TH |
|
Stockton Ports batting - Pitching for San Jose Bees : LHP Gerald Stutzriem
|
|
Batting: LHB Christopher O'Brien
|
0-0: Foul Ball, location: 2F 0-1: Ball 1-1: Swinging Strike 1-2: Ball 2-2: Ball 3-2: Base on Balls
|
|
Batting: SHB Tracy Edwards
|
0-0: Called Strike 0-1: Grounds into double play, 3-6-3 (Groundball, 3, EV 96.3 MPH)
|
|
Batting: RHB Chris Sabo
|
0-0: Ball 1-0: Ground out 4-3 (Groundball, 4D, EV 109.4 MPH)
|
| Bottom of the 4th over - 0 runs, 0 hits, 0 errors, 0 left on base; San Jose 0 - Stockton 0 |
| TOP OF THE 5TH |
|
San Jose Bees batting - Pitching for Stockton Ports : RHP Bryn Smith
|
|
Batting: LHB Dale Weaver
|
0-0: Called Strike 0-1: Ball 1-1: Foul Ball, location: 2F 1-2: Foul Ball, location: 2F 1-2: Strikes out swinging
|
|
Batting: RHB Bill Pinkham
|
0-0: Foul Ball, location: 2F 0-1: Called Strike 0-2: TRIPLE (Groundball, 3L, EV 108.1 MPH)
|
|
Batting: RHB Anthony Laurenzi
|
0-0: Squeeze Bunt to 23 - play home, runner OUT, batter safe! 3-2
|
|
Batting: RHB Ron MacDonald
|
0-0: Called Strike 0-1: Ball 1-1: Ball 2-1: Swinging Strike 2-2: Ball 3-2: Fly out, F9 (Flyball, 9LS, EV 90.0 MPH)
|
| Top of the 5th over - 0 runs, 1 hit, 0 errors, 1 left on base; San Jose 0 - Stockton 0 |
| BOTTOM OF THE 5TH |
|
Stockton Ports batting - Pitching for San Jose Bees : LHP Gerald Stutzriem
|
|
Batting: SHB Jose Mercado
|
0-0: Called Strike 0-1: Foul Ball, location: 2F 0-2: Ball 1-2: DOUBLE (Flyball, 8RXD, EV 96.3 MPH)
|
|
Batting: LHB Daniel Hoskins
|
0-0: SINGLE (Line Drive, 8RS, EV 93.8 MPH) Jose Mercado to third Runner from 3rd tries for Home, SAFE, throw by CF to home Daniel Hoskins to second
|
|
Batting: RHB Eddie Lee
|
0-0: Ball 1-0: Ball 2-0: Ball 3-0: Called Strike 3-1: Swinging Strike 3-2: Foul Ball, location: 2F 3-2: Base on Balls
|
|
Batting: RHB Timothy Presko
|
0-0: Bunt missed! 0-1: Bunt missed! 0-2: Foul Ball, location: 2F 0-2: Ball 1-2: Ground out 5-3 (Groundball, 5, EV 88.8 MPH) Daniel Hoskins to third Eddie Lee to second
|
|
Batting: RHB Ramon Valdez
|
0-0: Ball 1-0: Ball 2-0: Ball 3-0: Called Strike 3-1: Base on Balls
|
|
Pitching: RHP Rick A Anderson
|
|
|
Batting: RHB Pasquale Raimondo
|
0-0: SINGLE (Groundball, 56D, EV 106.9 MPH) Daniel Hoskins scores Eddie Lee to third Ramon Valdez to second Runner from 3rd tries for Home, SAFE, throw by LF to home Ramon Valdez to third Pasquale Raimondo to second
|
|
Batting: LHB Christopher O'Brien
|
0-0: Called Strike 0-1: Ball 1-1: Fly out, F8 (Flyball, 8RD, EV 98.8 MPH) Runner from 3rd tags up, SCORES, no throw by CF
|
|
Batting: SHB Tracy Edwards
|
0-0: Called Strike 0-1: Fly out, F9 (Flyball, 9D, EV 100.0 MPH)
|
| Bottom of the 5th over - 4 runs, 3 hits, 0 errors, 1 left on base; San Jose 0 - Stockton 4 |
| TOP OF THE 6TH |
|
San Jose Bees batting - Pitching for Stockton Ports : RHP Bryn Smith
|
|
Batting: LHB Stanley Davis
|
0-0: Called Strike 0-1: Ball 1-1: Ball 2-1: Swinging Strike 2-2: Foul Ball, location: 2F 2-2: Foul Ball, location: 2F 2-2: Ball 3-2: Ground out 1-3 (Groundball, P, EV 74.4 MPH)
|
|
Batting: RHB Tony Evans
|
0-0: Ball 1-0: Ball 2-0: Called Strike 2-1: Called Strike 2-2: Fly out, F5 (Popup, 56S, EV 70.6 MPH)
|
|
Batting: RHB Ray Torres
|
0-0: Ball 1-0: Called Strike 1-1: Foul Ball, location: 2F 1-2: Ball 2-2: Fly out, F9 (Flyball, 89D, EV 91.3 MPH)
|
| Top of the 6th over - 0 runs, 0 hits, 0 errors, 0 left on base; San Jose 0 - Stockton 4 |
| BOTTOM OF THE 6TH |
|
Stockton Ports batting - Pitching for San Jose Bees : RHP Rick A Anderson
|
|
Batting: RHB Chris Sabo
|
0-0: Ball 1-0: Called Strike 1-1: Ball 2-1: Foul Ball, location: 2F 2-2: Foul Ball, location: 2F 2-2: Ball 3-2: Foul Ball, location: 2F 3-2: Foul Ball, location: 2F 3-2: Ground out 6-3 (Groundball, 6S, EV 83.8 MPH)
|
|
Batting: SHB Jose Mercado
|
0-0: Called Strike 0-1: Swinging Strike 0-2: Ball 1-2: Strikes out swinging
|
|
Batting: LHB Daniel Hoskins
|
0-0: Ball 1-0: Ball 2-0: Ball 3-0: Called Strike 3-1: DOUBLE (Line Drive, 7LM, EV 89.4 MPH)
|
|
Batting: RHB Eddie Lee
|
0-0: Ball 1-0: Fly out, F4 (Popup, 13, EV 76.9 MPH)
|
| Bottom of the 6th over - 0 runs, 1 hit, 0 errors, 1 left on base; San Jose 0 - Stockton 4 |
| TOP OF THE 7TH |
|
San Jose Bees batting - Pitching for Stockton Ports : RHP Bryn Smith
|
|
Batting: RHB Ricky McMullen
|
0-0: Ball 1-0: Called Strike 1-1: Foul Ball, location: 2F 1-2: Ball 2-2: Ball 3-2: Strikes out swinging
|
|
Batting: RHB Timothy Wallace
|
0-0: Called Strike 0-1: Ball 1-1: Ball 2-1: Ball 3-1: Fly out, F8 (Flyball, 8RD, EV 103.8 MPH)
|
|
Batting: LHB Dale Weaver
|
0-0: Foul Ball, location: 2F 0-1: Called Strike 0-2: Ball 1-2: Ball 2-2: Ball 3-2: Foul Ball, location: 2F 3-2: Foul Ball, location: 2F 3-2: Reached on error, E5 (Groundball, 5, EV 81.9 MPH)
|
|
Batting: RHB Bill Pinkham
|
0-0: Ball 1-0: Ball 2-0: Foul Ball, location: 2F 2-1: Ball Wild Pitch! Dale Weaver to second 3-1: Called Strike 3-2: Base on Balls
|
|
Batting: RHB Anthony Laurenzi
|
0-0: Fly out, F8 (Flyball, 8RS, EV 94.4 MPH)
|
| Top of the 7th over - 0 runs, 0 hits, 1 error, 2 left on base; San Jose 0 - Stockton 4 |
| BOTTOM OF THE 7TH |
|
Stockton Ports batting - Pitching for San Jose Bees : RHP Rick A Anderson
|
|
Batting: RHB Timothy Presko
|
0-0: Ball 1-0: Ball 2-0: Ball 3-0: Base on Balls
|
|
Batting: RHB Ramon Valdez
|
0-0: Bunted foul 0-1: Ball 1-1: Bunt missed! 1-2: Fly out, F8 (Flyball, 8LD, EV 95.0 MPH)
|
|
Batting: RHB Pasquale Raimondo
|
0-0: Fielders Choice at 2nd, 6-4 (Groundball, 56D, EV 100.0 MPH)
|
|
Batting: LHB Christopher O'Brien
|
0-0: Foul Ball, location: 2F 0-1: Ball 1-1: Foul Ball, location: 2F 1-2: Ball Pasquale Raimondo steals 2nd base (no throw) 2-2: Foul Ball, location: 2F 2-2: Foul Ball, location: 2F 2-2: Ball 3-2: Ground out U3 (Groundball, 34, EV 86.9 MPH)
|
| Bottom of the 7th over - 0 runs, 0 hits, 0 errors, 1 left on base; San Jose 0 - Stockton 4 |
| TOP OF THE 8TH |
|
San Jose Bees batting - Pitching for Stockton Ports : RHP Bryn Smith
|
|
Batting: RHB Ron MacDonald
|
0-0: Called Strike 0-1: Ball 1-1: Ground out 5-3 (Groundball, 56S, EV 87.5 MPH)
|
|
Batting: LHB Stanley Davis
|
0-0: SOLO HOME RUN (Flyball, 9LD, EV 95.6 MPH), Distance : 352 ft
|
|
Batting: RHB Tony Evans
|
0-0: Foul Ball, location: 2F 0-1: Foul Ball, location: 2F 0-2: Ground out 3-1 (Groundball, 34S, EV 84.4 MPH)
|
|
Batting: RHB Ray Torres
|
0-0: Ball 1-0: Called Strike 1-1: Ball 2-1: Foul Ball, location: 2F 2-2: Foul Ball, location: 2F 2-2: Ground out 6-3 (Groundball, 56D, EV 84.4 MPH)
|
| Top of the 8th over - 1 run, 1 hit, 0 errors, 0 left on base; San Jose 1 - Stockton 4 |
| BOTTOM OF THE 8TH |
|
Stockton Ports batting - Pitching for San Jose Bees : RHP Rick A Anderson
|
|
Batting: SHB Tracy Edwards
|
0-0: Ball 1-0: Called Strike 1-1: Ball 2-1: Foul Ball, location: 2F 2-2: Strikes out swinging
|
|
Batting: RHB Chris Sabo
|
0-0: Called Strike 0-1: Ball 1-1: Ground out 4-3 (Groundball, 4S, EV 65.0 MPH)
|
|
Batting: SHB Jose Mercado
|
0-0: Ball 1-0: Ball 2-0: Ball 3-0: Base on Balls
|
|
Batting: LHB Daniel Hoskins
|
0-0: Ball 1-0: Foul Ball, location: 2F 1-1: Swinging Strike 1-2: Fly out, F7 (Flyball, 7S, EV 88.8 MPH)
|
| Bottom of the 8th over - 0 runs, 0 hits, 0 errors, 1 left on base; San Jose 1 - Stockton 4 |
| TOP OF THE 9TH |
|
San Jose Bees batting - Pitching for Stockton Ports : RHP Bryn Smith
|
|
Now at 1B: Randy Guerra
|
|
|
Batting: RHB Ricky McMullen
|
0-0: Swinging Strike 0-1: SINGLE (Line Drive, 8LS, EV 103.8 MPH)
|
|
Pitching: LHP Tom Funk
|
|
|
Batting: RHB Timothy Wallace
|
0-0: Called Strike 0-1: Ball 1-1: Grounds into double play, 6-4-3 (Groundball, 6S, EV 88.1 MPH)
|
|
Batting: LHB Dale Weaver
|
0-0: Foul Ball, location: 2F 0-1: Swinging Strike 0-2: Fly out, F8 (Flyball, 8RD, EV 104.4 MPH)
|
| Top of the 9th over - 0 runs, 1 hit, 0 errors, 0 left on base; San Jose 1 - Stockton 4 |
|